 Dungeon Crawl Stone Soup version 0.19.1 (webtiles) character file.

273 CanadianGator the Ruffian (level 6, -2/50 HPs)
             Began as a Minotaur Transmuter on Dec 1, 2016.
             Slain by a worm (9 damage)
             ... on level 4 of the Dungeon.
             The game lasted 00:06:55 (3474 turns).

CanadianGator the Ruffian (Minotaur Transmuter)     Turns: 3474, Time: 00:06:56

Health: -2/50      AC:  4    Str: 19    XL:     6   Next: 2%
Magic:  7/7        EV: 18    Int: 10    God:
Gold:   240        SH:  0    Dex: 18    Spells: 3 memorised, 2 levels left

rFire  . . .     SeeInvis .       - Unarmed
rCold  . . .     Gourm    .     r - +0 leather armour
rNeg   . . .     Faith    .     (no shield)
rPois  .         Spirit   .     (helmet restricted)
rElec  .         Reflect  .     n - +0 cloak
rCorr  .         Harm     .     (no gloves)
MR     .....                    (no boots)
Stlth  ++........               j - amulet of inaccuracy (curse)
                                (no ring)
                                (no ring)

@: confused, mighty, agile, lethally poisoned (-2 -> -54)
A: retaliatory headbutt, horns 2
a: no special abilities


You were on level 4 of the Dungeon.
You were hungry.

You visited 1 branch of the dungeon, and saw 4 of its levels.

You collected 240 gold pieces.

Inventory:

Missiles
 a - 71 arrows
Armour
 b - a +0 robe
 n - a +0 cloak (worn)
 r - a +0 leather armour (worn)
Jewellery
 j - a cursed amulet of inaccuracy (around neck)
 o - an uncursed amulet of rage
Scrolls
 s - a scroll of recharging {unknown}
 v - a scroll of noise {unknown}
Potions
 g - a potion of invisibility {unknown}
 k - a potion of brilliance {unknown}
 l - a potion of curing {unknown}
 p - a potion of haste {unknown}
 q - a potion of might
 t - a potion of flight {unknown}
Books
 c - a book of Changes

   Spells                             Type                      Level
   a - Beastly Appendage              Transmutation                1
   b - Sticks to Snakes               Transmutation                2
   c - Spider Form                    Transmutation/Poison         3
   d - Ice Form                       Ice/Transmutation            4
   e - Blade Hands                    Transmutation                5
Comestibles
 d - a bread ration
 i - 2 beef jerkies
 m - 2 slices of pizza


   Skills:
 + Level 2.6 Fighting
 + Level 2.1 Armour
 + Level 3.3 Dodging
 * Level 4.6 Unarmed Combat
 + Level 1.8 Spellcasting
 * Level 3.0 Transmutations


You had 2 spell levels left.
You knew the following spells:

 Your Spells              Type           Power        Failure   Level  Hunger
a - Beastly Appendage     Tmut           #.....       12%         1    ##.....
b - Sticks to Snakes      Tmut           #.......     17%         2    ###....
c - Spider Form           Tmut/Pois      #.........   75%         3    ####...


Dungeon Overview and Level Annotations

Branches:
Dungeon (4/15)
 Temple: D:4-7

Altars:
Nemelex Xobeh
Yredelemnul
The Shining One


Innate Abilities, Weirdness & Mutations

You reflexively headbutt those who attack you in melee.
You have a pair of horns on your head.


Message History

The gnoll hits you from afar with a halberd.
The ooze hits you but does no damage. Something hits you but does no damage.
You are more poisoned.
The worm bites you but does no damage. The adder bites you.
The gnoll hits you from afar with a halberd.
The orc barely misses you.
It was a potion of agility.
You feel agile all of a sudden.
You feel very sick. The adder barely misses you. The orc hits you with a mace.
* * * LOW HITPOINT WARNING * * *
The ooze hits you.
* * * LOW HITPOINT WARNING * * *
Something hits you.
* * * LOW HITPOINT WARNING * * *
The gnoll misses you. The gnoll completely misses you.
The orc hits you with a short sword.
* * * LOW HITPOINT WARNING * * *
The worm bites you!
You die...

##...g..o..
#..gJ.g....
#......o.g.....
..##%..........
#S.#.##########
#..#...o......#
.a.#.....gg...#
....#....o.oow.#
#.#.
......gS@o.#
.....>J.o.#
..........#
..........#
..........#
..........#
###########


You could see a worm, an orc wizard, 3 gnolls, an ooze, an adder and 5 orcs.

Vanquished Creatures
  3 orc wizards
  A worker ant (D:4)
  9 adders
  2 worms (D:2)
  2 dart slugs (D:2)
  2 leopard geckos
  3 orcs (D:3)
  8 bats
  4 giant cockroaches
  9 goblins
  9 hobgoblins
  2 quokkas
  3 ball pythons
  2 frilled lizards (D:1)
  7 kobolds
  7 rats
73 creatures vanquished.

Notes
Turn   | Place    | Note
-------+----------+-------------------------------------------
     0 | D:1      | CanadianGator the Minotaur Transmuter began the quest for the Orb.
     0 | D:1      | Reached XP level 1. HP: 16/16 MP: 1/1
   243 | D:1      | Reached XP level 2. HP: 10/23 MP: 3/3
   804 | D:2      | Found a glowing golden altar of the Shining One.
   894 | D:2      | Reached skill level 1 in Armour
   894 | D:2      | Reached XP level 3. HP: 11/28 MP: 4/4
  1182 | D:2      | Reached skill level 4 in Unarmed Combat
  1290 | D:2      | Found a sparkling altar of Nemelex Xobeh.
  1355 | D:2      | Reached XP level 4. HP: 36/36 MP: 5/5
  1471 | D:2      | Found a basalt altar of Yredelemnul.
  1519 | D:2      | Noticed a profane servitor
  1796 | D:2      | Learned a level 2 spell: Sticks to Snakes
  1800 | D:2      | Learned a level 3 spell: Spider Form
  2053 | D:2      | Noticed an angel
  2212 | D:3      | Reached XP level 5. HP: 27/41 MP: 2/6
  3470 | D:4      | Reached XP level 6. HP: 31/50 MP: 7/7
  3474 | D:4      | Slain by a worm

Skill      XL: |  1  2  3  4  5 |
---------------+----------------+-----
Armour         | 1 2 |  2.1
Unarmed Combat | 4 |  4.6
Transmutations | 2 3 |  3.0
Dodging        | 3 |  3.3
Fighting       | 2 |  2.6
Spellcasting   | |  1.8

Action                   |  1- 3 |  4- 6 || total
-------------------------+-------+-------++-------
Melee: Unarmed           |    76 |   117 ||   193
       Headbutt          |     8 |    13 ||    21
       Punch             |       |     1 ||     1
 Cast: Sticks to Snakes  |       |     1 ||     1
  Use: Scroll            |     5 |     2 ||     7
       Potion            |       |     5 ||     5
  Eat: Bread ration      |       |     1 ||     1
       Chunk             |       |     3 ||     3
Armor: Robe              |    11 |       ||    11
       Leather armour    |     2 |    29 ||    31
Dodge: Dodged            |    51 |   113 ||   164
